 Dungeon Crawl Stone Soup version 0.31-a0-750-gfe7b580527 (webtiles) character file.

Game seed: 4327325374630568657

64 cforsyth the Sneak (level 4, -1/37 HPs)
             Began as a Djinni Delver on Sept 14, 2023.
             Killed from afar by an orc wizard (3 damage)
             ... with a puff of flame
             ... on level 5 of the Dungeon.
             The game lasted 00:00:47 (522 turns).

cforsyth the Sneak (Djinni Delver)                   Turns: 522, Time: 00:00:48

Health: -1/37      AC:  3    Str: 11    XL:     4   Next: 32%
Gold:   36         EV: 12    Int: 13    God:
                   SH:  0    Dex: 15

rFire   + + .        a - +0 falchion
rCold   x . .        (no shield)
rNeg    . . .        b - +0 leather armour
rPois   ∞            (no helmet)
rElec   .            (no cloak)
rCorr   .            (no gloves)
SInv    .            (boots unavailable)
Will    +....        (no amulet)
Stlth   ++           (no ring)
HPRegen 0.26/turn    (no ring)
MPRegen 0.00/turn

%: infuse magic (-2 HP)
@: enlightened, flying, hasted, very quick
A: sickness immunity, fire resistance 2, cold vulnerability 1, float, innate
caster, HP casting, extra vitality 1
a: no special abilities


You were on level 5 of the Dungeon.
You visited 2 branches of the dungeon, and saw 2 of its levels.

You collected 36 gold pieces.

Inventory:

Hand Weapons
 a - a +0 falchion (weapon)
Armour
 b - a +0 leather armour (worn)
Wands
 g - a wand of digging (3)
Scrolls
 c - a scroll of fog
 d - a scroll of revelation
 e - a scroll of fear


   Skills:
 + Level 4.0 Fighting
 - Level 1.7 Long Blades
 - Level 2.1 Dodging
 - Level 4.1 Stealth
 + Level 1.6 Spellcasting
 + Level 1.6 Conjurations
 + Level 1.6 Hexes
   Level 0.0 Charms
 + Level 1.6 Summonings
 + Level 1.6 Necromancy
 + Level 1.6 Translocations
 + Level 1.6 Transmutations
 + Level 1.6 Fire Magic
 + Level 1.6 Ice Magic
 + Level 1.6 Air Magic
 + Level 1.6 Earth Magic
 + Level 1.6 Poison Magic


You knew the following spells:

 Your Spells              Type           Power      Damage    Failure   Level
a - Magic Dart            Conj           20%        1d4       19%         1
Your spell library was empty.

Dungeon Overview and Level Annotations

Branches:
Dungeon (5/15)             Temple (1/1) D:5

Altars:
Cheibriados
Fedhas
Makhleb
Nemelex Xobeh
Ru
Yredelemnul
Zin


Innate Abilities, Weirdness & Mutations

You are immune to sickness and miasma.
You are immune to poison.
Your flesh is very heat resistant. (rF++)
You are vulnerable to cold. (rC-)
You float through the air rather than walking.
You learn spells naturally, not from books.
Your magical power is your life essence.
You have superior vitality. (+4 MHP)


Message History

You feel agile. The orc attacks as it pursues you! The orc misses you.
The orc wizard misses you.
The orc wizard mumbles some strange words.
The orc wizard flickers and vanishes!
Deactivating autopickup; reactivate with Ctrl-A.
You barely miss the orc. The orc hits you with a +0 club.
You slash something! You hit something. Something completely misses you.
Casting: Magic Dart (safe; 19% risk of failure)
Confirm with . or Enter, or press ? or * to list all spells.
Okay, then.
Unknown command.
You hear some strange, mumbled words.
A puff of flame appears from out of thin air!
The puff of flame hits you. You resist.
You closely miss something. Your punch misses something.
You hear some strange, mumbled words.
A magic dart appears from out of thin air!
The magic dart hits you.
You closely miss something.
You hear some strange, mumbled words.
A magic dart appears from out of thin air!
The magic dart hits you!
* * * LOW HITPOINT WARNING * * *
Something hits you but does no damage.
You barely miss something. Something hits you but does no damage.
You completely miss something. Something hits you.
* * * LOW HITPOINT WARNING * * *
It was a potion of enlightenment.
You feel more buoyant.
You hear some strange, mumbled words.
A magic dart appears from out of thin air!
The magic dart hits you!
* * * LOW HITPOINT WARNING * * *
You feel yourself speed up.
You hear some strange, mumbled words.
A puff of flame appears from out of thin air!
The puff of flame hits you. You resist.
You die...

#...###...###....
#.....#.⌠.#......
#.....#...#......
#.#...[÷.........
#.##....#........
########'#####.)o.......
......#.......#oS#####
......#.......##{#
......#.......##@##########
......#.......##..##......#######
......#.......###.##.............
........~≈~...###......(.......<.
#.##..~~~≈≈~~..####.#####..[.....
#....~~≈≈≈≈≈≈~..........'........
##..~~≈~~~~~≈~~.#....####........
#..~≈~~P<.~~≈~......## ####.####
#.~~≈~P.PP.≈≈≈~......######.# #


You could see an adder and 2 orcs.

Vanquished Creatures
  An orc wizard (D:5)
  2 adders (D:5)
  An ufetubus (D:5)
  2 dart slugs (D:5)
  A worm (D:5)
  4 jackals (D:5)
  A quokka (D:5)
12 creatures vanquished.

Notes
Turn   | Place    | Note
-------+----------+-------------------------------------------
     0 | D:5      | cforsyth the Djinni Delver began the quest for the Orb.
     0 | D:5      | Reached XP level 1. HP: 20/20 MP: 0/0
    95 | D:5      | Reached XP level 2. HP: 25/25 MP: 0/0
   178 | D:5      | Reached skill level 1 in Spellcasting
   178 | D:5      | Reached skill level 1 in Conjurations
   178 | D:5      | Reached skill level 1 in Hexes
   178 | D:5      | Reached skill level 1 in Summonings
   178 | D:5      | Reached skill level 1 in Necromancy
   178 | D:5      | Reached skill level 1 in Translocations
   178 | D:5      | Reached skill level 1 in Transmutations
   178 | D:5      | Reached skill level 1 in Fire Magic
   178 | D:5      | Reached skill level 1 in Ice Magic
   178 | D:5      | Reached skill level 1 in Air Magic
   178 | D:5      | Reached skill level 1 in Earth Magic
   178 | D:5      | Reached skill level 1 in Poison Magic
   192 | D:5      | Found a staircase to the Ecumenical Temple.
   196 | D:5      | Reached XP level 3. HP: 25/30 MP: 0/0
   196 | D:5      | Learned a level 1 spell: Magic Dart
   205 | Temple   | Entered the Ecumenical Temple
   258 | D:5      | Found a blossoming altar of Fedhas.
   511 | D:5      | Reached XP level 4. HP: 20/37 MP: 0/0
   522 | D:5      | Killed from afar by an orc wizard

Illustrated notes

Levels and vault maps discovered:
D:5:      layout_basic, mainiacjoe_overflow_tiny_flanked, fedhas_ov_isle_minmay,
          minmay_temple_entry_junction_2, uniq_ijyb
Temple:   nicolae_temple_two_arcs

Skill      XL: |  1  2  3 |
---------------+----------+-----
Spellcasting   | 1 |  1.6
Conjurations   | 1 |  1.6
Hexes          | 1 |  1.6
Summonings     | 1 |  1.6
Necromancy     | 1 |  1.6
Translocations | 1 |  1.6
Transmutations | 1 |  1.6
Fire Magic     | 1 |  1.6
Ice Magic      | 1 |  1.6
Air Magic      | 1 |  1.6
Earth Magic    | 1 |  1.6
Poison Magic   | 1 |  1.6
Fighting       | 4 |  4.0
Long Blades    | |  1.7
Dodging        | |  2.1
Stealth        | |  4.1

Action                     |  1- 3 |  4- 6 || total
---------------------------+-------+-------++-------
  Melee: Falchion          |    56 |     7 ||    63
    Use: Potion            |       |     2 ||     2
   Stab: Sleeping          |     2 |       ||     2
 Armour: Leather armour    |    43 |     9 ||    52
  Dodge: Dodged            |    58 |     3 ||    61

Table legend: (Time is in decaauts)
 A = Elapsed time spent in this place.
 B = Non-inter-level travel time spent in this place.
 C = Inter-level travel time spent in this place.
 D = Time resting spent in this place.
 E = Time spent auto-exploring this place.
 F = Levels seen in this place.
 G = Mean time per level.
                   A        B        C        D        E       F      G
               +--------+--------+--------+--------+--------+-----+--------+
         Total |    536 |    536 |      0 |      0 |    385 |   2 |  268.0 |
       Dungeon |    534 |    534 |      0 |      0 |    385 |   1 |  534.0 |
        Temple |      1 |      1 |      0 |      0 |      0 |   1 |    1.0 |
               +--------+--------+--------+--------+--------+-----+--------+

Top non-repeatable levels by time:
     D:5: 534 daAuts
  Temple: 1 daAuts
